 Dungeon Crawl Stone Soup version 0.30.1-4-g462c640d31 (webtiles) character file.

Game seed: 6989147064157661591

681 Descartes the Shield-Bearer (level 7, -2/55 HPs)
             Began as a Formicid Fighter on Aug 14, 2023.
             Slain by an ice beast (7 damage)
             ... on level 5 of the Dungeon.
             The game lasted 00:05:06 (3437 turns).

Descartes the Shield-Bearer (Formicid Fighter)      Turns: 3437, Time: 00:05:06

Health: -2/55      AC: 10    Str: 25    XL:     7   Next: 92%
Magic:  10/11      EV:  8    Int:  7    God:
Gold:   193        SH:  5    Dex: 13    Spells: 11/11 levels left

rFire   + . .        a - +0 war axe
rCold   . . .        c - +0 buckler
rNeg    + + .        y - +0 chain mail
rPois   .            (helmet unavailable)
rElec   .            h - +0 cloak
rCorr   .            (no gloves)
SInv    +            (no boots)
Will    .....        r - amulet of Curiosity {Acrobat rF+ rN+ Str+2} Stlth
                     t - ring of positive energy
HPRegen 0.29/turn    (no ring)
MPRegen 0.12/turn

%: acrobat
@: lethally poisoned (-2 -> -14)
A: permanent stasis, dig shafts and tunnels, antennae 3, four strong arms
a: Dig, Shaft Self


You were on level 5 of the Dungeon.
You visited 2 branches of the dungeon, and saw 6 of its levels.

You collected 193 gold pieces.

Inventory:

Hand Weapons
 a - a +0 war axe (weapon)
Missiles
 u - a throwing net
Armour
 b - a +0 scale mail
 c - a +0 buckler (worn)
 h - a +0 cloak (worn)
 y - a +0 chain mail (worn)
Jewellery
 r - the amulet of Curiosity (around neck) {Acrobat rF+ rN+ Str+2}
   (You found it on level 3 of the Dungeon)

   [amulet of the acrobat]

   It increases your evasion while moving and waiting.
   Str:       It affects your strength (+2).
   rF:        It protects you from fire.
   rN:        It protects you from negative energy.
 t - a ring of positive energy (left hand)
Scrolls
 e - a scroll of fog {unknown}
 g - a scroll of vulnerability {unknown}
 i - a scroll of magic mapping {unknown}
 k - a scroll of immolation {unknown}
 m - 3 scrolls of fear {unknown}
 n - 4 scrolls of identify {unknown}
 o - 2 scrolls of blinking {unknown}
 q - a scroll of teleportation {unknown}
 s - 3 scrolls of enchant weapon {unknown}
 v - a scroll of torment {unknown}
 x - a scroll of brand weapon {unknown}
 z - a scroll of poison {unknown}
 B - 2 scrolls of acquirement {unknown}
Potions
 d - a potion of might
 f - 3 potions of curing
 j - a potion of ambrosia {unknown}
 l - 2 potions of flight {unknown}
 p - a potion of lignification {unknown}
 w - a potion of resistance
 A - a potion of heal wounds {unknown}
 C - a potion of attraction {unknown}
 D - a potion of cancellation {unknown}
 E - a potion of mutation {unknown}
 F - a potion of brilliance {unknown}
 G - a potion of magic {unknown}


   Skills:
 + Level 4.5 Fighting
 + Level 3.5 Axes
 + Level 4.7 Armour
 + Level 5.5 Shields
 + Level 2.6 Spellcasting
 + Level 3.5 Earth Magic
 + Level 3.0 Evocations


You had 11 spell levels left.
You didn't know any spells.
Your spell library contained the following spells:

 Spells                   Type           Power      Damage    Failure   Level
 Necrotise                Necr           0%         1d4       91%         1
 Vampiric Draining        Necr           0%         2d6       99%         3
 Animate Dead             Necr           0%         N/A       100%        4
 Agony                    Necr           0%         N/A       100%        5
 Borgnjor's Vile Clutch   Necr/Erth      1%         N/A       100%        5
 Death Channel            Necr           0%         N/A       100%        6


Dungeon Overview and Level Annotations

Branches:
Dungeon (5/15)             Temple (1/1) D:4

Altars:
Ashenzari
Cheibriados
Dithmenos
Elyvilon
Hepliaklqana
Kikubaaqudgha
Makhleb
Nemelex Xobeh
Okawaru
Qazlal
Ru
Sif Muna
Trog
Uskayaw
Vehumet
Wu Jian
Xom
Yredelemnul
Zin
The Shining One

Shops:
D:2 =


Innate Abilities, Weirdness & Mutations

You cannot be hasted, slowed, berserked, paralysed or teleported.
You can dig through walls and to a lower floor.
You have a pair of large antennae on your head. (SInv)
Your four strong arms can wield two-handed weapons with a shield.


Message History

You are poisoned.
The water moccasin poisons you!
You completely miss the water moccasin.
The water moccasin is heavily wounded.
You hit the jackal but do no damage. You hit the ice beast but do no damage.
You barely miss the quokka.
You feel very sick. The jackal bites you. The quokka bites you.
The water moccasin bites you. The ice beast closely misses you.
The jackal closely misses you.
The water moccasin bites you but does no damage.
The quokka bites you but does no damage.
The ice beast barely misses you.
Unknown command.
You hit the water moccasin.
The water moccasin is severely wounded.
You closely miss the jackal. You slash the ice beast!
You closely miss the quokka.
You feel very sick.
The jackal bites you but does no damage.
The water moccasin bites you but does no damage.
The quokka bites you but does no damage.
The jackal barely misses you. The ice beast hits you.
The ice beast freezes you!
* * * LOW HITPOINT WARNING * * *
The water moccasin bites you.
* * * LOW HITPOINT WARNING * * *
You are lethally poisoned!
The water moccasin poisons you!
The quokka bites you but does no damage.
You hit the water moccasin.
The water moccasin is severely wounded.
You barely miss the jackal. You barely miss the ice beast.
You closely miss the quokka.
* * * LOW HITPOINT WARNING * * *
You feel very sick.
The jackal bites you but does no damage.
You block the water moccasin's attack. The ice beast hits you.
* * * LOW HITPOINT WARNING * * *
The ice beast freezes you!
You die...

#.....##
......#####.
........... #
#..........
#.#.?.....)..#
#.#..........# #
#...ShY......# #.
#..†@r......#
#..#...........#
#.............#
.....#..........#
#### #..#.######
#....# #...##
#...#...##
#...+....#####


You could see a water moccasin, an ice beast, a quokka and a jackal.

Vanquished Creatures
  Sigmund (D:2)
  A black bear (D:3)
  2 vampire bats (D:4)
  2 jellies (D:4)
  A hound (D:4)
  An iguana (D:4)
  Terence (D:2)
  Robin (D:4)
  4 adders
  4 gnolls (D:3)
  A shadow imp (D:3)
  5 worms
  A dart slug (D:1)
  An orc (D:3)
  5 endoplasms
  5 giant cockroaches
  13 goblins
  10 hobgoblins
  7 jackals
  6 quokkas
  9 ball pythons
  13 bats
  3 frilled lizards
  6 kobolds
  2 rats
105 creatures vanquished.

Notes
Turn   | Place    | Note
-------+----------+-------------------------------------------
     0 | D:1      | Descartes the Formicid Fighter began the quest for the Orb.
     0 | D:1      | Reached XP level 1. HP: 18/18 MP: 1/1
    60 | D:1      | Reached XP level 2. HP: 24/24 MP: 2/2
   175 | D:1      | Found a faded altar of an unknown god.
   461 | D:1      | Reached skill level 1 in Earth Magic
   566 | D:1      | Reached XP level 3. HP: 29/29 MP: 3/3
   885 | D:2      | Noticed Terence
   901 | D:2      | Killed Terence
   902 | D:2      | Reached skill level 1 in Spellcasting
   902 | D:2      | Reached skill level 1 in Evocations
   902 | D:2      | Reached XP level 4. HP: 31/37 MP: 5/5
  1157 | D:2      | Found Uhedyimu's Jewellery Shoppe.
  1304 | D:2      | Noticed Sigmund
  1317 | D:2      | Killed Sigmund
  1318 | D:2      | Reached XP level 5. HP: 25/42 MP: 5/7
  1318 | D:2      | Reached XP level 6. HP: 29/48 MP: 5/8
  1636 | D:3      | Identified the amulet of Curiosity {Acrobat rF+ rN+ Str+2}
  2204 | D:3      | Reached skill level 5 in Shields
  2225 | D:3      | Noticed a black bear
  2243 | D:3      | Killed a black bear
  2244 | D:3      | Reached XP level 7. HP: 41/54 MP: 8/10
  2494 | D:4      | Found a stormy altar of Qazlal.
  2570 | D:4      | Noticed Robin
  2588 | D:4      | Killed Robin
  2865 | D:4      | Found a sparkling altar of Nemelex Xobeh.
  3061 | D:4      | Found a hazy altar of Hepliaklqana.
  3064 | D:4      | Found a shimmering blue altar of Sif Muna.
  3064 | D:4      | Found a burning altar of Makhleb.
  3075 | D:4      | Found a shimmering altar of Xom.
  3078 | D:4      | Found a sacrificial altar of Ru.
  3150 | D:4      | Found a staircase to the Ecumenical Temple.
  3306 | Temple   | Entered the Ecumenical Temple
  3306 | Temple   | Found a transporter.
  3306 | Temple   | Found a transporter.
  3308 | Temple   | Found a transporter.
  3308 | Temple   | Found a transporter.
  3359 | D:5      | Entered Level 5 of the Dungeon
  3430 | D:5      | Noticed a water moccasin
  3437 | D:5      | Slain by an ice beast

Illustrated notes

Levels and vault maps discovered:
D:1:      minmay_arrival_glassed_features, layout_basic,
          dreamdust_ecumenical_altar_angels_and_demons
D:2:      layout_loops_ring, serial_shops, nicolae_shop_hallway_plus,
          uniq_terence, uniq_sigmund
D:3:      layout_basic, st_stairs_9
D:4:      layout_rooms, mainiacjoe_overflow_alcove_1, lemuel_tele_altar,
          minmay_overflow_temple_star_hex, minmay_temple_entry_trees,
          roderic_batcave, uniq_robin
D:5:      layout_basic, lemuel_round_altar
Temple:   hellmonk_temple_divided_pantheon

Skill      XL: |  1  2  3  4  5  6  7 |
---------------+----------------------+-----
Earth Magic    | 1 2 3 |  3.5
Spellcasting   | 1 2 |  2.6
Evocations     | 1 2 3 |  3.0
Fighting       | 4 |  4.5
Armour         | 4 |  4.7
Axes           | 3 |  3.5
Shields        | 5 |  5.5

Action                     |  1- 3 |  4- 6 |  7- 9 || total
---------------------------+-------+-------+-------++-------
  Melee: War axe           |    86 |   101 |   110 ||   297
    Use: Potion            |       |       |     2 ||     2
 Armour: Scale mail        |    47 |    40 |       ||    87
         Chain mail        |       |    35 |    90 ||   125
  Dodge: Dodged            |    35 |    56 |    83 ||   174
  Block: Buckler           |    24 |    24 |    50 ||    98
